 Dungeon Crawl Stone Soup version 0.27.1-33-g824d729ab1 (webtiles) character file.

Game seed: 13786574725968524047

169 SensoryNuts the Twirler (level 5, 0/39 HPs)
             Began as a Demonspawn Gladiator on Dec 6, 2021.
             Was a Plaything of Xom.
             Slain by a gnoll (5 damage)
             ... on level 3 of the Dungeon.
             The game lasted 00:04:00 (2984 turns).

SensoryNuts the Twirler (Demonspawn Gladiator)      Turns: 2984, Time: 00:04:01

Health: 0/39       AC:  6    Str: 14    XL:     5   Next: 25%
Magic:  5/5        EV: 13    Int: 10    God:    Xom [....*.]
Gold:   154        SH:  0    Dex: 15    Spells: 4/4 levels left

rFire    . . .     SeeInvis .   a - +0 quarterstaff
rCold    . . .     Faith    .   (shield currently unavailable)
rNeg     . . .     Spirit   .   b - +0 leather armour
rPois    .         Reflect  .   c - +0 helmet
rElec    .         Harm     .   (no cloak)
rCorr    .         Rampage  .   (no gloves)
Will     .....                  (no boots)
Stlth    +.........             (no amulet)
HPRegen  0.13/turn              (no ring)
MPRegen  0.18/turn              (no ring)

@: no status effects
A: talons 1, thin metallic scales 1, magic regeneration, sturdy frame 1
a: Renounce Religion


You were on level 3 of the Dungeon.
You worshipped Xom.
You were a beloved toy of Xom.
You visited 1 branch of the dungeon, and saw 3 of its levels.

You collected 154 gold pieces.

Inventory:

Hand Weapons
 a - a +0 quarterstaff (weapon)
 i - a +0 dagger
 n - a +0 club
 p - a +0 dagger
 q - a +0 hunting sling
 z - a +0 great sword
Missiles
 d - 3 throwing nets (quivered)
 r - 15 bolts
Armour
 b - a +0 leather armour (worn)
 c - a +0 helmet (worn)
 h - a +0 ring mail
 o - a +0 robe
Magical Staves
 j - a staff of cold
 v - a staff of death
Jewellery
 u - an amulet of magic regeneration
Wands
 m - a wand of flame (18)
Scrolls
 e - a scroll of identify {unknown}
 x - 2 scrolls of magic mapping {unknown}
 y - a scroll of noise {unknown}
Potions
 f - a potion of haste {unknown}
 g - a potion of invisibility {unknown}
 k - 2 potions of curing {unknown}
 l - a potion of brilliance {unknown}
 s - a potion of heal wounds {unknown}
 t - a potion of degeneration {unknown}
 w - 2 potions of lignification {unknown}


   Skills:
 + Level 2.3 Fighting
 + Level 4.3 Staves
 + Level 1.8 Throwing
 + Level 1.9 Armour
 + Level 3.3 Dodging
 + Level 0.2 Stealth


You had 4 spell levels left.
You didn't know any spells.
Your spell library contained the following spells:

 Spells                   Type           Power      Damage    Failure   Level
 Slow                     Hex            0%         N/A       52%         2
 Confusing Touch          Hex            0%         N/A       75%         3
 Vampiric Draining        Necr           0%         2d6       75%         3


Dungeon Overview and Level Annotations

Branches:
Dungeon (3/15)

Altars:
Dithmenos
Xom
The Shining One


Innate Abilities, Weirdness & Mutations

You have sharp toenails.
You are partially covered in thin metallic scales. (AC +2)
You regenerate magic rapidly.
Your movements are slightly less encumbered by armour. (ER -2)


Message History

Xom is getting BORED.
You are now a BORING thing.
Xom makes a sudden noise!
You hear the tinkle of an enormous bell.
You are now a beloved toy of Xom.
You hear a shout! x2
Found a scale mail.
A gnoll comes into view. It is wielding a +0 spear.
A gnoll is nearby!
A gnoll is nearby!
A gnoll is nearby!
A gnoll is nearby!
A gnoll is nearby!
A gnoll is nearby!
The gnoll shouts!
A gnoll comes into view. It is wielding a +0 spear.
A gnoll comes into view. It is wielding a +0 flail.
The gnoll moves out of view.
The gnoll hits you from afar with a +0 spear.
The gnoll barely misses you. The gnoll hits you with a +0 spear.
The gnoll hits you but does no damage.
You hit the gnoll but do no damage. The gnoll hits you but does no damage.
You hit the gnoll but do no damage. Your kick misses the gnoll.
The gnoll hits you from afar with a +0 spear.
The gnoll misses you. The gnoll hits you with a +0 flail!
The gnoll hits you from afar with a +0 spear.
You hit the gnoll. You claw the gnoll.
The gnoll is moderately wounded.
The gnoll barely misses you. The gnoll hits you with a +0 flail!
* * * LOW HITPOINT WARNING * * *
The gnoll barely misses you.
You hit the gnoll but do no damage.
The gnoll is moderately wounded.
The gnoll hits you with a +0 spear.
* * * LOW HITPOINT WARNING * * *
The gnoll barely misses you.
The gnoll hits you from afar with a +0 spear.
* * * LOW HITPOINT WARNING * * *
The gnoll hits you with a +0 spear.
You die...

#.###..# #≈≈ #.##.#.##
#≈≈ #.#.###.## #≈≈
#....#...## +).
#..[......#### #≈≈
##.......#... #≈≈
##.....#.#.# #≈≈
##.....##.##.###########
##.#.g@g...............
#.#...#.##.##########.
#.#.#g#.# #.
#.#.#....### #.
#.#........# #.
#........##########.
#..............._...
##...<.....#.......#
#.........####.#.##


You could see 3 gnolls.

Vanquished Creatures
  Jessica (D:2)
  Natasha (twice) (D:2)
  2 adders (D:3)
  A worm (D:2)
  3 dart slugs
  An orc (D:3)
  3 ball pythons
  10 endoplasms
  3 giant cockroaches
  7 goblins
  9 hobgoblins
  3 jackals (D:2)
  2 quokkas
  4 bats
  A frilled lizard (D:2)
  4 kobolds
  5 rats
61 creatures vanquished.

Notes
Turn   | Place    | Note
-------+----------+-------------------------------------------
     0 | D:1      | SensoryNuts the Demonspawn Gladiator began the quest for
                  | the Orb.
     0 | D:1      | Reached XP level 1. HP: 16/16 MP: 1/1
   257 | D:1      | Reached skill level 3 in Staves
   257 | D:1      | Gained mutation: You are partially covered in thin metallic
                  | scales. (AC +2) [demonic ancestry]
   257 | D:1      | Reached XP level 2. HP: 16/22 MP: 2/2
  1269 | D:2      | Found a faded altar of an unknown god.
  1280 | D:2      | Became a worshipper of Xom of Chaos
  1325 | D:2      | Noticed Natasha
  1329 | D:2      | Killed Natasha
  1330 | D:2      | Reached skill level 1 in Armour
  1330 | D:2      | Gained mutation: You have sharp toenails. [demonic
                  | ancestry]
  1330 | D:2      | Reached XP level 3. HP: 12/27 MP: 3/3
  1624 | D:2      | Reached XP level 4. HP: 26/33 MP: 4/4
  1691 | D:2      | Noticed Jessica
  1699 | D:2      | Killed Jessica
  1778 | D:2      | Noticed Natasha
  1783 | D:2      | Killed Natasha
  1784 | D:2      | Reached skill level 4 in Staves
  1786 | D:2      | XOM: silly message
  2057 | D:2      | Found a shadowy altar of Dithmenos.
  2390 | D:2      | XOM: give mutation
  2390 | D:2      | Gained mutation: Your movements are slightly less
                  | encumbered by armour. (ER -2) [Xom's grace]
  2485 | D:3      | Gained mutation: You regenerate magic rapidly. [demonic
                  | ancestry]
  2485 | D:3      | Reached XP level 5. HP: 36/38 MP: 5/5
  2543 | D:3      | XOM: scenery: create altars
  2945 | D:3      | XOM is BORED!
  2945 | D:3      | XOM: noise
  2984 | D:3      | Slain by a gnoll

Illustrated notes

Levels and vault maps discovered:
D:1:      wander_arrival_fairy_ring, layout_loops_corners
D:2:      kennysheep_six_static_rooms, layout_loops_ring,
          ebering_ecumenical_altar_mist, basic_altar, kennysheep_nondescript,
          uniq_natasha, uniq_jessica
D:3:      layout_loops_ring, overflow_temple_1_default, st_stairs_11,
          kennysheep_generic_room_9

Skill      XL: |  1  2  3  4 |
---------------+-------------+-----
Staves         | 3 4 |  4.3
Dodging        | 3 |  3.3
Armour         | 1 |  1.9
Fighting       | |  2.3
Throwing       | |  1.8
Stealth        | |  0.2

Action                   |  1- 3 |  4- 6 || total
-------------------------+-------+-------++-------
Melee: Quarterstaff      |    85 |    70 ||   155
       Kick              |     7 |    11 ||    18
Armor: Leather armour    |    45 |    31 ||    76
Dodge: Dodged            |    82 |    62 ||   144
